 Dungeon Crawl Stone Soup version 0.22-b1-26-g9dbaab1 (webtiles) character file.

90 Lew the Ducker (level 4, -1/35 HPs)
             Began as a Demonspawn Gladiator on Aug 8, 2018.
             Slain by an adder (3 damage)
             ... on level 2 of the Dungeon.
             The game lasted 00:09:14 (2038 turns).

Lew the Ducker (Demonspawn Gladiator)               Turns: 2038, Time: 00:09:16

Health: -1/35      AC:  6    Str: 15    XL:     4   Next: 32%
Magic:  0/4        EV: 10    Int:  9    God:
Gold:   57         SH:  7    Dex: 15    Spells: 3/3 levels left

rFire    . . .     SeeInvis .   b - +0 club
rCold    . . .     Gourm    .   e - +0 shield
rNeg     . . .     Faith    .   f - +0 scale mail
rPois    .         Spirit   +   (helmet restricted)
rElec    .         Reflect  .   (no cloak)
rCorr    .         Harm     .   (no gloves)
MR       .....                  (no boots)
Stlth    +.........             (no amulet)
HPRegen  0.11/turn              (no ring)
MPRegen  0.09/turn              (no ring)

@: lethally poisoned (-1 -> -1)
A: antennae 1, repulsion field 1, magic shield
a: no special abilities


You were on level 2 of the Dungeon.
You were not hungry.

You visited 1 branch of the dungeon, and saw 2 of its levels.

You collected 57 gold pieces.

Inventory:

Hand Weapons
 b - a +0 club (weapon)
Missiles
 c - a throwing net (quivered)
Armour
 a - a +0 leather armour
 e - a +0 shield (worn)
 f - a +0 scale mail (worn)
Scrolls
 i - a scroll of enchant weapon
Comestibles
 d - 3 rations


   Skills:
 * Level 3.1 Fighting
 - Level 1.7 Throwing
 + Level 3.2 Dodging
 + Level 1.4 Stealth
 + Level 3.2 Unarmed Combat


You had 3 spell levels left.
You didn't know any spells.
Your spell library was empty.

Dungeon Overview and Level Annotations

Branches:
Dungeon (2/15)

Altars:
Cheibriados
Sif Muna


Innate Abilities, Weirdness & Mutations

You have a pair of small antennae on your head.
You are surrounded by a mild repulsion field. (EV +2)
When hurt, damage is shared between your health and your magic reserves.


Message History

The adder barely misses you. The kobold hits you but does no damage.
The goblin hits you but does no damage. The adder bites you.
You hit the kobold but do no damage. The kobold hits you with a whip.
The adder bites you but does no damage. You block the goblin's attack.
The kobold hits you with a whip.
* * * LOW HITPOINT WARNING * * *
The adder barely misses you.
You hit the adder.
The adder is heavily wounded.
You feel sick. The goblin barely misses you. The adder bites you.
* * * LOW HITPOINT WARNING * * *
The kobold closely misses you. The goblin hits you but does no damage.
You hit the adder but do no damage.
The adder is heavily wounded.
The adder bites you.
* * * LOW HITPOINT WARNING * * *
The kobold hits you with a whip.
* * * LOW HITPOINT WARNING * * *
You block the goblin's attack. The adder bites you.
You die...

..........#...##.####
#........##.###.#
#.....†.....# #.#
#......†.#### #.#
#........# #.#
#........######.#
######.#........#
####.##########
#@K......#
......gS##.###.#
######..#....
#..#......
#...........
##.#......##
#.#....K.# #.. .....#


You could see an adder, a goblin and a kobold.

Vanquished Creatures
  An adder (D:2)
  3 gnolls
  A dart slug (D:1)
  3 leopard geckos (D:1)
  16 giant cockroaches
  3 hobgoblins
  2 jackals (D:1)
  2 kobolds (D:1)
  4 bats
  3 frilled lizards (D:1)
  4 rats
42 creatures vanquished.

Notes
Turn   | Place    | Note
-------+----------+-------------------------------------------
     0 | D:1      | Lew the Demonspawn Gladiator began the quest for the Orb.
     0 | D:1      | Reached XP level 1. HP: 16/16 MP: 1/1
     9 | D:1      | Found a snail-covered altar of Cheibriados.
   187 | D:1      | Gained mutation: You are surrounded by a mild repulsion field. (EV +2) [demonic ancestry]
   187 | D:1      | Reached XP level 2. HP: 22/22 MP: 2/2
  1072 | D:2      | Gained mutation: When hurt, damage is shared between your health and your magic reserves. [demonic ancestry]
  1072 | D:2      | Reached XP level 3. HP: 24/28 MP: 3/3
  1083 | D:2      | Reached skill level 1 in Stealth
  1787 | D:1      | Gained mutation: You have a pair of small antennae on your head. [demonic ancestry]
  1787 | D:1      | Reached XP level 4. HP: 26/35 MP: 2/4
  1931 | D:2      | Found a deep blue altar of Sif Muna.
  2038 | D:2      | Slain by an adder

Skill      XL: |  1  2  3 |
---------------+----------+-----
Dodging        | 3 |  3.2
Unarmed Combat | 3 |  3.2
Stealth        | 1 |  1.4
Fighting       | 3 |  3.1
Throwing       | |  1.7

Action                   |  1- 3 |  4- 6 || total
-------------------------+-------+-------++-------
Melee: Unarmed           |   214 |    19 ||   233
       Club              |       |    12 ||    12
Throw: Throwing net      |     2 |       ||     2
  Use: Scroll            |     1 |       ||     1
  Eat: Chunk             |     3 |     1 ||     4
Armor: Leather armour    |    20 |       ||    20
       Scale mail        |    80 |    14 ||    94
Dodge: Dodged            |   152 |    32 ||   184
Block: Shield            |   110 |    28 ||   138
